 Dungeon Crawl Stone Soup version 0.25-a0-632-g7713895373 (webtiles) character file.

Game seed: 12800654900222423589, levelgen mode: classic

2319 EnegeticOcto the Cleaver (level 9, -5/62 HPs)
             Began as an Octopode Fighter on Mar 19, 2020.
             Was an Initiate of Gozag.
             Slain by an iguana (9 damage)
             ... on level 5 of the Dungeon.
             The game lasted 00:04:19 (5985 turns).

EnegeticOcto the Cleaver (Octopode Fighter)         Turns: 5985, Time: 00:04:20

Health: -5/62      AC:  1    Str: 15    XL:     9   Next: 41%
Magic:  9/9        EV: 15    Int: 12    God:    Gozag
Gold:   596        SH: 11    Dex: 15    Spells: 8/8 levels left

rFire    + . .     SeeInvis +   a - +1 war axe
rCold    . . .     Gourm    .   b - +1 kite shield
rNeg     . . .     Faith    .   (helmet restricted)
rPois    .         Spirit   .   u - amulet of Hiesugul {Harm *Drain rF+ Int+2 Slay+2}
rElec    .         Reflect  .   (no ring)
rCorr    .         Harm     +   h - ring of see invisible
MR       .....                  (no ring)
Stlth    ++........             (no ring)
HPRegen  0.20/turn              (no ring)
MPRegen  0.11/turn              (no ring)
                                (no ring)
                                (no ring)

@: mighty
A: almost no armour, stealthy swim, amphibious, 8 rings, constrict 8, camouflage
1, gelatinous body 1
a: Potion Petition, Call Merchant, Bribe Branch, Renounce Religion


You were on level 5 of the Dungeon.
You worshipped Gozag.
Gozag was pleased with you.
You were hungry.

You visited 1 branch of the dungeon, and saw 6 of its levels.

You collected 628 gold pieces.
You paid 32 gold pieces to Gozag.

Inventory:

Hand Weapons
 a - a +1 war axe (weapon)
Armour
 b - a +1 kite shield (worn)
Jewellery
 f - an uncursed ring of poison resistance {unknown}
 h - a ring of see invisible (right tentacle)
 u - the amulet of Hiesugul (around mantle) {Harm *Drain rF+ Int+2 Slay+2}
   (You found it on level 4 of the Dungeon)

   [amulet of harm]

   It increases damage dealt and taken.
   It affects your intelligence (+2).
   It affects your accuracy and damage with ranged weapons and melee attacks
   (+2).
   It protects you from fire.
   It causes draining when unequipped.
Scrolls
 c - a scroll of immolation {@r4}
 d - 3 scrolls of teleportation {@r2}
Potions
 g - a potion of brilliance
 i - a potion of ambrosia {unknown}
 j - a potion of flight {unknown}
 k - 5 potions of might {@q3}
 n - a potion of haste {@q4}
 o - a potion of curing {@q1}
 r - 2 potions of cancellation
 t - a potion of heal wounds {unknown}
Comestibles
 e - 2 rations


   Skills:
 + Level 6.2 Fighting
 * Level 8.1 Axes
 + Level 6.2 Dodging
 + Level 6.2 Shields


You had 8 spell levels left.
You didn't know any spells.
Your spell library was empty.

Dungeon Overview and Level Annotations

Branches:
Dungeon (6/15)
 Temple: D:4-7

Altars:
Ashenzari
Fedhas
Gozag
Hepliaklqana
Zin


Innate Abilities, Weirdness & Mutations

You cannot wear most types of armour.
You are very stealthy in the water. (Stealth+)
You are amphibious.
You can wear up to eight rings at the same time.
You can use your tentacles to constrict eight enemies at once.
Your skin changes colour to match your surroundings (Stealth+).
Your rubbery body absorbs attacks. (AC +1, EV +1)


Message History

The orc warrior hits the freed slave with a +0 flail!!
The freed slave dies!
The iguana becomes distracted by the nearby gold, dreaming of imaginary riches.
The adder completely misses you.
The iguana hisses angrily.
You hit the orc warrior.
You kill the orc warrior!
Your Axes skill increases to level 8!
You hit the adder.
The hound zombie is no longer distracted by gold.
The orc wizard is no longer distracted by gold.
The iguana is no longer distracted by gold.
The orc wizard is no longer distracted by gold.
You block the adder's attack.
A leopard gecko comes into view.
The orc wizard becomes distracted by the nearby gold, dreaming of imaginary riches.
The orc wizard shouts!
You slash the orc wizard!
You kill the orc wizard!
You miss the adder.
The adder becomes distracted by the nearby gold, dreaming of imaginary riches.
The giant cockroach becomes distracted by the nearby gold, dreaming of imaginary riches.
The hound zombie becomes distracted by the nearby gold, dreaming of imaginary riches.
The orc wizard becomes distracted by the nearby gold, dreaming of imaginary riches.
The orc wizard shouts!
You slash the orc wizard! Your grab misses the orc wizard.
The orc wizard is almost dead.
You slash the leopard gecko!
You kill the leopard gecko!
You miss the adder.
The adder is no longer distracted by gold.
The orc wizard is no longer distracted by gold.
The orc is no longer distracted by gold.
The orc wizard is no longer distracted by gold.
The orc wizard hits you with a +0 dagger.
The adder becomes distracted by the nearby gold, dreaming of imaginary riches.
The iguana becomes distracted by the nearby gold, dreaming of imaginary riches.
The orc becomes distracted by the nearby gold, dreaming of imaginary riches.
An orc wizard comes into view. It is wielding a +0 dagger.
The orc wizard casts a spell.
The orc wizard seems to speed up.
The adder hisses angrily.
The iguana hisses angrily.
The orc shouts!
You slash the orc wizard!
You kill the orc wizard!
You slash the adder!
You kill the adder!
The hound zombie is no longer distracted by gold.
The iguana is no longer distracted by gold.
The giant cockroach is no longer distracted by gold.
The orc wizard begins to cast a cantrip, but forgets the words!
The hound zombie becomes distracted by the nearby gold, dreaming of imaginary riches.
The giant cockroach becomes distracted by the nearby gold, dreaming of imaginary riches.
The iguana becomes distracted by the nearby gold, dreaming of imaginary riches.
The iguana hisses angrily.
You slash the orc wizard! You grab the orc wizard.
The orc wizard is severely wounded.
You slash the orc wizard! You hit the iguana.
The iguana is no longer distracted by gold.
You constrict the orc wizard.
The orc is no longer distracted by gold.
The orc wizard hits you with a +0 dagger.
The orc wizard points at you and mumbles some strange words.
The magic dart hits you!
* * * LOW HITPOINT WARNING * * *
The iguana bites you.
* * * LOW HITPOINT WARNING * * *
You block the orc wizard's attack. x2
You hit the orc wizard.
You kill the orc wizard!
You closely miss the iguana. You barely miss the orc wizard.
The hound zombie is no longer distracted by gold.
The giant cockroach is no longer distracted by gold.
The orc wizard becomes distracted by the nearby gold, dreaming of imaginary riches.
The iguana bites you.
* * * LOW HITPOINT WARNING * * *
The giant cockroach becomes distracted by the nearby gold, dreaming of imaginary riches.
The orc wizard casts a spell at you. The magic dart hits you.
* * * LOW HITPOINT WARNING * * *
You feel better.
The orc wizard is no longer distracted by gold.
The giant cockroach is no longer distracted by gold.
The iguana barely misses you.
The orc wizard miscasts a cantrip.
The orc wizard closely misses you.
Things that are here:
7 gold pieces; a +0 hand axe The orc wizard mumbles some strange words.
The orc wizard flickers and vanishes for a moment.
There is a stone staircase leading down here.
There is a stone staircase leading up here.
The iguana bites you!
* * * LOW HITPOINT WARNING * * *
You climb upwards.
There is a stone staircase leading down here.
You hit the iguana. You grab the iguana.
The iguana is heavily wounded.
You constrict the iguana. The iguana bites you!
You die...
Your body crumbles into a pile of gold.

................##..........##...
............................#....
......................##.........
........................#..#.....
........................#####...#
#...................##..# ##.##
#....................#..## #.#
...............l...#.....# ###
#......#........@..###..##
#.....##............#####
##.....##..##.......#.##
###..###...#....>.....# ####
#...##..###.#..# ##...#### ######
##..# ####


You could see an iguana.

Vanquished Creatures
  Pikel (D:6)
  Sigmund (D:4)
  Eustachio (D:5)
  Duvessa (D:5)
  2 orc warriors (D:6)
  2 sky beasts
  An ice beast (D:5)
  2 slaves (D:5)
  A centaur (D:6)
  Blork the orc (D:5)
  A bullfrog (D:6)
  Dowan (D:5)
  3 howler monkeys
  A bullfrog zombie (D:6)
  A crimson imp (D:6)
  3 hounds
  A gnoll shaman (D:4)
  3 orc priests (D:6)
  5 orc wizards (D:6)
  A worker ant (D:5)
  A howler monkey skeleton (D:5)
  5 gnolls (D:4)
  7 adders
  2 oozes (D:1)
  4 worms
  2 dart slugs
  6 leopard geckos
  7 orcs
  6 bats
  2 giant cockroaches
  3 goblins
  7 hobgoblins
  12 jackals
  3 quokkas
  2 ball pythons
  7 frilled lizards
  9 kobolds
  9 rats
127 creatures vanquished.

Vanquished Creatures (others)
  A slave (D:6)
  An orc wizard (D:6)
  An orc (D:6)
  5 toadstools (D:1)
8 creatures vanquished.

Grand Total: 135 creatures vanquished

Notes
Turn   | Place    | Note
-------+----------+-------------------------------------------
     0 | D:1      | EnegeticOcto the Octopode Fighter began the quest for the
                  | Orb.
     0 | D:1      | Reached XP level 1. HP: 16/16 MP: 1/1
    96 | D:1      | Reached XP level 2. HP: 19/21 MP: 2/2
   347 | D:1      | Reached XP level 3. HP: 15/26 MP: 3/3
  1394 | D:2      | Reached skill level 3 in Axes
  1463 | D:2      | Reached XP level 4. HP: 17/31 MP: 4/4
  2350 | D:3      | Found an opulent altar of Gozag.
  2350 | D:3      | Found a shattered altar of Ashenzari.
  2351 | D:3      | Found a glowing silver altar of Zin.
  2356 | D:3      | Became a worshipper of Gozag Ym Sagoz the Greedy
  2374 | D:3      | Found a blossoming altar of Fedhas.
  2472 | D:3      | Found a hazy altar of Hepliaklqana.
  3431 | D:4      | Reached XP level 5. HP: 36/36 MP: 5/5
  3443 | D:4      | Got a sparkling sapphire amulet
  3466 | D:4      | Reached skill level 4 in Axes
  3591 | D:4      | Reached XP level 6. HP: 35/43 MP: 3/6
  3754 | D:4      | Noticed Sigmund
  3811 | D:4      | Killed Sigmund
  3870 | D:4      | Reached XP level 7. HP: 34/48 MP: 5/7
  3884 | D:4      | Reached skill level 5 in Axes
  4207 | D:4      | Identified the amulet of Hiesugul {Harm *Drain rF+ Int+2
                  | Slay+2} (You found it on level 4 of the Dungeon)
  4235 | D:5      | Entered Level 5 of the Dungeon
  4693 | D:5      | Noticed Dowan
  4696 | D:5      | Noticed Duvessa
  4702 | D:5      | Killed Dowan
  4717 | D:5      | Killed Duvessa
  4903 | D:5      | Noticed Blork the orc
  4911 | D:5      | Killed Blork the orc
  5193 | D:5      | Noticed Eustachio
  5196 | D:5      | Reached skill level 6 in Axes
  5196 | D:5      | Reached skill level 5 in Shields
  5196 | D:5      | Reached XP level 8. HP: 37/54 MP: 8/8
  5197 | D:5      | Reached skill level 5 in Fighting
  5197 | D:5      | Reached skill level 5 in Dodging
  5211 | D:5      | Killed Eustachio
  5495 | D:5      | Paralysed by fainting for 6 turns
  5594 | D:6      | Noticed Pikel
  5856 | D:6      | Reached skill level 7 in Axes
  5956 | D:6      | Killed Pikel
  5956 | D:6      | Reached XP level 9. HP: 32/62 MP: 9/9
  5968 | D:6      | Reached skill level 8 in Axes
  5973 | D:6      | HP: 2/62 [orc wizard/magic dart (2)]
  5983 | D:6      | HP: 3/62 [iguana (8)]
  5985 | D:5      | Slain by an iguana

Levels and vault maps discovered:
D:1:      ldierk_walled_garden, layout_basic, minmay_tromino_v4_b
D:2:      layout_loops_ring
D:3:      layout_loops_corners, nicolae_overflow_crystal_walls,
          nicolae_overflow_hidden_temple, gammafunk_temple_overflow_forgotten,
          first_ration, kennysheep_generic_room_6
D:4:      layout_cave_pods, uniq_sigmund
D:5:      layout_cave_pools, small_statue_intersection, uniq_eustachio,
          uniq_duvessa, uniq_blork_the_orc
D:6:      hangedman_cross_stitches, layout_rooms, lemuel_blue_sif_altar,
          minmay_temple_entry_grid, uniq_pikel

Skill      XL: |  1  2  3  4  5  6  7  8  9 |
---------------+----------------------------+-----
Axes           | 3 4 6 7 8 |  8.1
Shields        | 4 5 6 |  6.2
Fighting       | 4 6 |  6.2
Dodging        | 4 6 |  6.2

Action                   |  1- 3 |  4- 6 |  7- 9 || total
-------------------------+-------+-------+-------++-------
Melee: War axe           |    66 |    84 |   115 ||   265
       Constrict         |    21 |    21 |    31 ||    73
       Tentacles         |    13 |    13 |    22 ||    48
Invok: Potion Petition   |       |       |     1 ||     1
  Use: Potion            |       |     3 |     2 ||     5
       Scroll            |       |     2 |    11 ||    13
 Stab: Sleeping          |     7 |     2 |     9 ||    18
  Eat: Chunk             |     2 |     3 |       ||     5
       Ration            |       |     2 |     1 ||     3
Armor: Skin              |     8 |     6 |       ||    14
Dodge: Dodged            |    34 |    59 |    53 ||   146
Block: Kite shield       |    25 |    31 |    49 ||   105

Table legend:
 A = Non-vault XP
 B = Vault XP
 C = Vault XP percentage of total XP
 D = Non-vault monster count
 E = Vault monster count
 F = Vault count percentage of total count
                 A         B        C        D         E       F
            +---------+---------+-------+---------+---------+-------
      Total |    1939 |    1375 |  41.5 |     115 |      11 |   8.7
            +---------+---------+-------+---------+---------+-------
        D:1 |      53 |       3 |   5.4 |      26 |       2 |   7.1
        D:2 |      35 |       0 |   0.0 |      18 |       0 |   0.0
        D:3 |      29 |      16 |  35.6 |      15 |       2 |  11.8
        D:4 |     346 |     231 |  40.0 |      23 |       1 |   4.2
        D:5 |     458 |     515 |  52.9 |      11 |       4 |  26.7
        D:6 |    1018 |     610 |  37.5 |      22 |       2 |   8.3
            +---------+---------+-------+---------+---------+-------
